 Dungeon Crawl Stone Soup version 0.17.1-2-g5865329 (webtiles) character file.

1098 inmateoo the Shooter (level 8, -9/54 HPs)
             Began as a High Elf Arcane Marksman on Feb 8, 2016.
             Was a Follower of Okawaru.
             Killed from afar by an electric eel (12 damage)
             ... with a bolt of electricity
             ... on level 6 of the Dungeon.
             The game lasted 00:17:44 (9048 turns).

inmateoo the Shooter (High Elf Arcane Marksman)     Turns: 9048, Time: 00:17:44

Health: -9/54      AC:  7    Str: 10    XL:     8   Next: 10%
Magic:  11/11      EV: 16    Int: 17    God:    Okawaru [*.....]
Gold:   339        SH:  0    Dex: 17    Spells: 3 memorised, 4 levels left

rFire  . . .     SeeInvis .     a - +1 shortbow
rCold  . . .     Clarity  .     A - +0 leather armour
rNeg   . . .     SustAt   .     (shield currently unavailable)
rPois  .         Gourm    .     v - +0 helmet
rElec  .         Spirit   .     (no cloak)
rCorr  .         Warding  .     j - +1 pair of gloves
rMut   .         Stasis   .     p - +0 pair of boots
MR     .....                    (no amulet)
Stlth  +.........               (no ring)
                                t - +2 ring of evasion

@: not resistant to hostile enchantments, very unstealthy
A: no striking features
a: Heroism, Renounce Religion


You were on level 6 of the Dungeon.
You worshipped Okawaru.
Okawaru was aware of your devotion.
You were not hungry.

You visited 2 branches of the dungeon, and saw 7 of its levels.

You collected 339 gold pieces.

Inventory:

Hand Weapons
 a - a +1 shortbow (weapon)
 b - a +2 mace of protection
Missiles
 d - 49 arrows (quivered)
 n - 9 poisoned arrows
 x - 9 arrows of flame
Armour
 j - a +1 pair of gloves (worn)
 p - a +0 pair of boots (worn)
 v - a +0 helmet (worn)
 A - a +0 leather armour (worn)
Jewellery
 t - a +2 ring of evasion (left hand)
Wands
 h - a wand of frost (15)
 s - a wand of magic darts (43)
 u - a wand of enslavement (17)
Scrolls
 e - a scroll of enchant weapon
 q - 2 scrolls of remove curse
 w - 3 scrolls of blinking
Potions
 k - 3 potions of cancellation
 l - a potion of might
 r - a potion of magic {unknown}
Books
 c - a book of Debilitation

   Spells                             Type                      Level
   a - Corona                         Hexes                        1
   b - Slow                           Hexes                        2
   c - Gell's Gravitas                Hexes/Translocation          3
   d - Inner Flame                    Hexes/Fire                   3
   e - Cause Fear                     Hexes                        4
   f - Leda's Liquefaction            Hexes/Earth                  4
 y - a book of Unlife

   Spells                             Type                      Level
   a - Recall                         Summoning/Translocation      3
   b - Animate Dead                   Necromancy                   4
   c - Control Undead                 Necromancy                   4
   d - Cigotuvi's Embrace             Necromancy                   5
   e - Death Channel                  Necromancy                   6
   f - Simulacrum                     Ice/Necromancy               6
Comestibles
 f - 4 meat rations
 g - a slice of pizza
 m - a beef jerky
 o - 5 fruits
 B - a bread ration


   Skills:
 + Level 4.2 Fighting
   Level 5.5 Short Blades
 * Level 7.8 Bows
 + Level 4.6 Dodging
 - Level 1.5 Spellcasting
 - Level 3.2 Hexes


You had 4 spell levels left.
You knew the following spells:

 Your Spells              Type           Power        Failure   Level  Hunger
a - Corona                Hex            ##.....      10%         1    ##.....
b - Slow                  Hex            ##......     12%         2    ###....
c - Inner Flame           Hex/Fire       #.......     54%         3    ####...


Dungeon Overview and Level Annotations

Branches:
Dungeon (6/15)             Temple (1/1) D:4

Altars:
Cheibriados
Dithmenos
Fedhas
Gozag
Kikubaaqudgha
Nemelex Xobeh
Okawaru
Qazlal
Sif Muna
Yredelemnul


Message History

The electric eel shoots out a bolt of lightning at you!
The bolt of electricity hits you! x2
* * * LOW HITPOINT WARNING * * *
Firing (i - inventory. (,) - cycle):
d - 50 arrows (quivered)
Press: ? - help, Shift-Dir - straight line, f/p - electric eel
Aim: an electric eel (water, severely wounded)
You shoot an arrow.
The arrow closely misses the electric eel.
You hear a splash.
The electric eel shoots out a bolt of lightning at you!
The bolt of electricity hits you!
* * * LOW HITPOINT WARNING * * *
The bolt of electricity misses you.
Drink which item? (? for menu, Esc to quit)
You feel better.
The electric eel shoots out a bolt of lightning at you!
The bolt of electricity hits you!
* * * LOW HITPOINT WARNING * * *
The bolt of electricity hits you!
You die...

#........###.# #.#
..#..........# #.#
####...##### #.# ##.##
#.# #.# #.# #.#
#.######### #+#
#..........
.?############.#.#..#
.......@!.............
......................
≈(.)..≈≈≈.≈≈.≈.≈≈.≈≈≈≈
≈≈≈≈≈≈≈≈≈≈≈≈≈≈≈≈≈≈≈≈≈≈
≈≈≈≈;≈≈≈≈≈≈≈≈≈≈≈≈≈≈≈≈≈
≈≈≈≈(≈≈≈≈≈#####≈≈≈≈≈≈≈
########### ≈≈≈≈≈≈≈
≈≈≈≈≈≈


You could see an electric eel.

Vanquished Creatures
  The ghost of SaintRoka the Ruffian, an amateur CeAr of Okawaru (D:3)
  2 ogres
  A centaur (D:6)
  An orc warrior (D:4)
  A phantom (D:5)
  2 scorpions (D:4)
  A hound (D:5)
  3 orc wizards
  Jessica (D:2)
  2 worker ants
  A hound skeleton (D:5)
  A worker ant zombie (D:5)
  Robin (D:1)
  6 adders
  An adder skeleton (D:4)
  4 worms
  6 giant geckos
  17 orcs
  6 giant cockroaches
  23 goblins
  11 hobgoblins
  3 jackals (D:4)
  9 kobolds
  13 bats
  A giant gecko skeleton (D:4)
  A giant newt (D:5)
  A jackal zombie (D:3)
  2 quokkas
  A quokka skeleton (D:5)
  A quokka zombie (D:5)
  13 rats
137 creatures vanquished.

Notes
Turn   | Place    | Note
--------------------------------------------------------------
     0 | D:1      | inmateoo the High Elf Arcane Marksman began the quest for the Orb.
     0 | D:1      | Reached XP level 1. HP: 13/13 MP: 3/3
   217 | D:1      | Reached XP level 2. HP: 15/18 MP: 5/5
  1652 | D:1      | Reached XP level 3. HP: 15/23 MP: 6/6
  2368 | D:2      | Noticed Robin
  2740 | D:1      | Reached XP level 4. HP: 26/29 MP: 7/7
  2932 | D:1      | Killed Robin
  2932 | D:1      | Reached skill level 1 in Short Blades
  3018 | D:2      | Noticed Jessica
  3036 | D:2      | Killed Jessica
  3036 | D:2      | Reached skill level 4 in Bows
  3095 | D:2      | Learned a level 2 spell: Slow
  3099 | D:2      | Learned a level 3 spell: Inner Flame
  3668 | D:3      | Reached XP level 5. HP: 32/35 MP: 8/8
  3819 | D:3      | Noticed SaintRoka's ghost (amateur CeAr)
  4435 | D:4      | Found a staircase to the Ecumenical Temple.
  4463 | Temple   | Entered the Ecumenical Temple
  4480 | Temple   | Became a worshipper of Warmaster Okawaru
  4524 | D:4      | Reached skill level 5 in Bows
  4821 | D:4      | Reached XP level 6. HP: 9/41 MP: 9/9
  5404 | D:4      | Noticed an orc warrior
  5532 | D:4      | Killed an orc warrior
  5564 | D:4      | Noticed an ogre
  5689 | D:4      | Killed an ogre
  5689 | D:4      | Reached skill level 6 in Bows
  6128 | D:4      | Reached * piety under Okawaru
  6128 | D:4      | Reached XP level 7. HP: 31/46 MP: 10/10
  6703 | D:3      | Noticed a phantom
  6806 | D:3      | Killed SaintRoka's ghost
  6806 | D:3      | Reached skill level 5 in Short Blades
  7056 | D:4      | Found a shadowy altar of Dithmenos.
  7137 | D:5      | Entered Level 5 of the Dungeon
  7401 | D:5      | Reached skill level 7 in Bows
  8633 | D:5      | Reached XP level 8. HP: 52/54 MP: 11/11
  8650 | D:5      | Found an opulent altar of Gozag.
  8725 | D:6      | Found a deep blue altar of Sif Muna.
  9048 | D:6      | Killed from afar by an electric eel

Action                   |  1- 3 |  4- 6 |  7- 9 || total
-------------------------+-------+-------+-------++-------
Melee: Dagger            |   142 |   322 |   285 ||   749
       Hand axe          |     2 |       |       ||     2
       Mace              |       |       |    32 ||    32
 Fire: Shortbow          |    32 |    78 |    62 ||   172
 Cast: Slow              |       |       |     3 ||     3
       Corona            |       |       |     2 ||     2
Invok: Heroism           |       |       |     1 ||     1
  Use: Scroll            |       |     8 |     5 ||    13
       Potion            |       |       |     1 ||     1
 Stab: Sleeping          |     1 |       |     1 ||     2
       Distracted        |       |     1 |       ||     1
  Eat: Chunk             |     6 |       |     7 ||    13
       Bread ration      |       |     1 |     1 ||     2
       Meat ration       |       |     1 |       ||     1
